 Dungeon Crawl Stone Soup version 0.20.1-1-g8b1a95d (webtiles) character file.

60701 Fisto the Severer (level 14, 0/174 HPs)
             Began as a Minotaur Abyssal Knight on Nov 19, 2017.
             Was the Champion of Lugonu.
             Killed from afar by a shock serpent (8 damage)
             ... with a bolt of electricity
             ... on level 2 of the Lair of Beasts.
             The game lasted 02:36:12 (25593 turns).

Fisto the Severer (Minotaur Abyssal Knight)        Turns: 25593, Time: 02:36:13

Health: 0/174      AC: 27    Str: 22    XL:     14   Next: 57%
Magic:  1/15       EV:  2    Int:  9    God:    Lugonu [******]
Gold:   389        SH:  0    Dex: 13    Spells: 13/13 levels left

rFire    . . .     SeeInvis .   i - +9 battleaxe (distort)
rCold    . . .     Gourm    .   (shield currently unavailable)
rNeg     + + +     Faith    .   (armour currently unavailable)
rPois    +         Spirit   .   (helmet currently unavailable)
rElec    .         Reflect  .   (cloak currently unavailable)
rCorr    .         Harm     .   (gloves currently unavailable)
MR       ++...     NoTele   +   (boots currently unavailable)
Stlth    +.........             A - amulet of rage
Regen    0.4/turn               u - +3 ring of strength
MPRegen  0.2/turn               b - ring of poison resistance

@: tree-form
A: (retaliatory headbutt), frail 1, magic resistance 1, wild magic 1
a: Depart the Abyss, Bend Space, Banish, Corrupt, Enter the Abyss, Renounce
Religion, Evoke Berserk Rage


You were on level 2 of the Lair of Beasts.
You worshipped Lugonu.
Lugonu was exalted by your worship.
You were not hungry.
You were a tree.
You visited 4 branches of the dungeon, and saw 18 of its levels.
You visited the Abyss 1 time.
You also visited: Sewer.

You collected 1726 gold pieces.
You spent 1337 gold pieces at shops.

Inventory:

Hand Weapons
 i - a +9 battleaxe of distortion (weapon)
 o - a +2 blowgun
 q - a +1 hunting sling
 s - the +9 trident of Eholenea {pain, rElec rF+ Int-3}
   (You bought it in a shop on level 2 of the Orcish Mines)

   In the hands of one skilled in necromantic magic, it inflicts extra damage on
   living creatures.
   It affects your intelligence (-3).
   It protects you from fire.
   It insulates you from electricity.
 K - a +4 flail
Missiles
 g - 47 sling bullets
 k - 269 stones
 l - 48 poisoned needles
 m - 8 tomahawks of returning
 w - 25 tomahawks (quivered)
 I - 3 throwing nets
 N - 9 curare-tipped needles
 O - 6 needles of sleeping
 S - 8 javelins
Armour
 f - a +2 plate armour of fire resistance
 z - a +2 pair of boots (melded)
 C - the +8 orange crystal plate armour (melded) {Archmagi, Int+3 Clar}
   (You found it on level 13 of the Dungeon)

   It affects your intelligence (+3).
   It protects you against confusion.
 L - a +1 pair of gloves (melded)
Jewellery
 b - a ring of poison resistance (right branch)
 u - a +3 ring of strength (left branch)
 A - an amulet of rage (around neck)
 B - a +3 ring of evasion
 R - an uncursed ring of ice
Wands
 r - a wand of clouds (0/9)
 y - a wand of flame (7/48)
 X - a wand of paralysis (9/24)
Scrolls
 h - 8 scrolls of teleportation
 j - 2 scrolls of remove curse
 n - 5 scrolls of identify
 D - 3 scrolls of blinking
 E - 3 scrolls of magic mapping
 P - 3 scrolls of enchant weapon
 Q - 2 scrolls of fear
 W - a scroll of fog {unknown}
 Y - a scroll of brand weapon {unknown}
Potions
 a - a potion of agility
 p - 6 potions of curing
 t - 3 potions of flight
 v - a potion of experience {unknown}
 G - 2 potions of heal wounds
 H - 3 potions of haste
 M - 4 potions of brilliance
 T - a potion of might
Comestibles
 c - 6 bread rations
 d - 7 meat rations
 x - 3 fruits
 F - 2 royal jellies


   Skills:
 + Level 13.2 Fighting
 + Level 17.1(18.0) Axes
 + Level 9.6(14.4) Maces & Flails
 + Level 3.5(12.1) Polearms
 + Level 8.8(9.6) Slings
 + Level 5.5(7.6) Throwing
 + Level 12.6 Armour
 + Level 6.0 Dodging
 + Level 2.7 Invocations
 + Level 3.6 Evocations


You had 13 spell levels left.
You didn't know any spells.

Dungeon Overview and Level Annotations

Branches:
Dungeon (14/15)              Lair (2/6) D:8           Snake (1/4) Lair:2
    Orc (2/2) D:12            Elf (0/3) Orc:2        Vaults (0/5) D:13
 Temple: D:4-7        Swamp: Lair:2-4    Shoals: Lair:2-4

Altars:
Cheibriados
Elyvilon
Fedhas
Hepliaklqana
Nemelex Xobeh
Okawaru
Ru
Sif Muna
Uskayaw
Yredelemnul
Beogh
Lugonu

Shops:
D:7 ?(   D:12 [   Orc:2 [([(

Annotations:
D:11 tradjik's ghost, journeyman GrBe
D:14 Azrael
Snake:1 Nikola


Innate Abilities, Weirdness & Mutations

((You reflexively headbutt those who attack you in melee.))
((You have a pair of horns on your head.))
You are frail. (-10% HP)
You are resistant to hostile enchantments. (MR+)
Your spells are a little harder to cast, but a little more powerful.


Message History

* * * LOW HITPOINT WARNING * * *
The shock serpent bites you but does no damage.
You turn into a tree.
Your +1 pair of gloves melds into your body.
Your +2 pair of boots melds into your body.
The +8 orange crystal plate armour {Archmagi, Int+3 Clar} melds into your body.
You feel strangely numb.
Your roots penetrate the ground.
The shock serpent bites you!
* * * LOW HITPOINT WARNING * * *
The shock serpent shocks you!
* * * LOW HITPOINT WARNING * * *
The shock serpent bites you!
* * * LOW HITPOINT WARNING * * *
The shock serpent shocks you!
* * * LOW HITPOINT WARNING * * *
You miss the shock serpent.
The shock serpent is severely wounded.
The shock serpent shoots out a bolt of lightning at you!
The bolt of electricity hits you!
You die...

.## ##.##)..#....PP♣..# ##
#......#.....PP♣... ##
##.##...#....PP♣P.. .#
####.######.P.P♣♣PP.. .#
##P♣♣.≈♣.##.#.PP♣PPP.. ##
###≈.≈♣.≈P≈≈###P......##
###.#≈≈♣♣.♣♣≈≈####....#.#.
#...#≈P♣..S♣≈♣#).)........ ###
###......♣..).).##..#P###. P.##
#...#P≈♣...♣♣.#.#...####P. ...#
###...#≈.♣♣.♣♣≈≈#..#.#####P.
##.##PPP...#.P.≈.≈♣.♣#....##.#.P.
##.#.PPP.P.##≈≈≈.♣♣≈##....##.....
#P..#.P..P.#####.####.....##..##.
#..#....PP##P..#..#P.#...#.P...#.
.#...P.PPP##...#.###....#........
#.#...#..............#.....P##P..


You could see a shock serpent.

Vanquished Creatures
  Gastronok (D:8)
  An orc warlord (Orc:2)
  The ghost of blah the Fighter, a journeyman GrFi of Ru (D:11)
  A vampire knight (D:13)
  5 vault guards (D:13)
  Erolcha (D:13)
  A hydra (D:12)
  5 centaur warriors
  5 two-headed ogres
  An orc high priest (Orc:2)
  A vampire mage (D:13)
  The ghost of tradjik the Fighter, a novice GrBe of Trog (D:8)
  Sonja (Orc:2)
  2 unseen horrors
  A wolf spider zombie (D:13)
  2 orc knights (Orc:2)
  Pikel (D:9)
  3 cyclopes
  2 manticores (D:11)
  An ugly thing (D:10)
  A mana viper (Lair:2)
  An orc sorcerer (Orc:2)
  A naga mage (Snake:1)
  2 centaur zombies (D:12)
  2 black mambas (Snake:1)
  Psyche (D:9)
  2 kobold demonologists (D:14)
  A komodo dragon (Lair:2)
  6 trolls
  A merfolk (D:10)
  3 slime creatures (D:12)
  A hornet (D:10)
  Prince Ribbit (D:9)
  6 hippogriffs
  16 flying skulls
  3 wraiths
  5 vampires (D:13)
  A shadow (D:13)
  39 yaks
  3 wyverns
  3 hungry ghosts
  4 vampire mosquitoes
  10 wargs
  A soldier ant (D:11)
  An acid dragon (D:13)
  2 water moccasins
  4 nagas (Lair:2)
  30 orc warriors
  A hornet zombie (D:13)
  3 porcupines
  6 ice beasts
  6 phantoms
  2 slaves (D:9)
  5 sky beasts
  A black bear (D:9)
  4 wolves (Orc:1)
  A necrophage (D:12)
  18 ogres
  4 centaurs
  4 big kobolds
  A crocodile (D:13)
  11 bullfrogs
  A wyvern zombie (D:7)
  4 scorpions
  10 killer bees
  25 wights
  A howler monkey (D:7)
  2 electric eels (D:11)
  6 crimson imps
  4 bullfrog zombies
  2 quasits
  7 hounds
  5 jellies
  6 human zombies (D:13)
  20 orc priests
  2 bullfrog skeletons
  29 orc wizards
  3 centaur skeletons
  A gnoll shaman (D:6)
  2 iguanas
  A hell rat (D:13)
  7 worker ants
  6 ogre zombies (D:12)
  A hound zombie (D:11)
  10 gnolls
  9 adders
  A howler monkey skeleton (D:4)
  3 river rats (D:13)
  A shadow imp (D:6)
  An adder skeleton (D:7)
  7 worms
  3 dart slugs
  11 leopard geckos
  84 orcs
  5 ball pythons
  10 giant cockroaches
  6 goblins
  6 hobgoblins
  23 jackals
  2 quokkas
  10 bats
  6 frilled lizards
  2 goblin skeletons (D:12)
  2 goblin zombies (D:12)
  A hobgoblin skeleton (D:12)
  2 hobgoblin zombies (D:12)
  33 kobolds
  2 orc skeletons (D:12)
  10 orc zombies (D:12)
  6 rats
  2 plants
658 creatures vanquished.

Vanquished Creatures (others)
  2 vault guards (D:13)
  A centaur warrior (D:13)
  A naga sharpshooter (Snake:1)
  A wolf spider zombie (D:13)
  A mana viper (Snake:1)
  An ugly thing (D:13)
  A deep elf mage (D:13)
  A naga mage (Snake:1)
  A centaur zombie (D:13)
  A spiny frog (Lair:2)
  A hippogriff (D:14)
  A yak (Lair:1)
  4 nagas (Snake:1)
  A warg (Orc:1)
  A slave (D:9)
  An orc warrior (Orc:1)
  A killer bee (D:13)
  A wight (D:14)
  An orc priest (Orc:2)
  An orc (Orc:2)
  A plant (Lair:2)
25 creatures vanquished.

Grand Total: 683 creatures vanquished

Notes
Turn   | Place    | Note
-------+----------+-------------------------------------------
     0 | Abyss:1  | Fisto the Minotaur Abyssal Knight began the quest for the Orb.
     0 | Abyss:1  | Reached XP level 1. HP: 19/19 MP: 1/1
    16 | Abyss:1  | Found a corrupted altar of Lugonu.
    36 | Abyss:1  | Found a corrupted altar of Lugonu.
    68 | Abyss:1  | Noticed a tentacled monstrosity
    73 | D:1      | Escaped the Abyss
   171 | D:1      | Reached XP level 2. HP: 27/27 MP: 2/2
   232 | D:1      | Reached * piety under Lugonu
   564 | D:1      | Reached XP level 3. HP: 34/34 MP: 3/3
  1320 | D:2      | Found a blossoming altar of Fedhas.
  1322 | D:2      | Found a hazy altar of Hepliaklqana.
  1370 | D:2      | Found a white marble altar of Elyvilon.
  1396 | D:2      | Reached XP level 4. HP: 38/41 MP: 4/4
  1720 | D:2      | Reached ** piety under Lugonu
  1878 | D:2      | Reached skill level 1 in Slings
  2211 | D:3      | Found a faded altar of an unknown god.
  2243 | D:3      | Noticed a hand axe
  2244 | D:3      | Noticed a hand axe
  2245 | D:3      | Found a hide-covered altar of Uskayaw.
  2304 | D:3      | Found a sparkling altar of Nemelex Xobeh.
  2875 | D:4      | Found a sacrificial altar of Ru.
  2927 | D:4      | Reached XP level 5. HP: 40/47 MP: 5/5
  3047 | D:4      | Found a glowing drain.
  3074 | D:4      | Reached skill level 5 in Fighting
  3095 | Sewer    | Entered a sewer
  3192 | Sewer    | Reached *** piety under Lugonu
  3445 | D:4      | You fall through a shaft for 2 floors!
  3448 | D:6      | Reached XP level 6. HP: 56/56 MP: 6/6
  3818 | D:6      | Reached skill level 5 in Maces & Flails
  4012 | D:6      | Found an iron altar of Okawaru.
  4012 | D:6      | Found a snail-covered altar of Cheibriados.
  4013 | D:6      | Found a basalt altar of Yredelemnul.
  4211 | D:6      | Reached XP level 7. HP: 48/61 MP: 7/7
  4366 | D:6      | Gained mutation: You are resistant to hostile enchantments. (MR+) [potion of mutation]
  4366 | D:6      | Gained mutation: You are frail. (-10% HP) [potion of mutation]
  4366 | D:6      | Gained mutation: Your spells are a little harder to cast, but a little more powerful. [potion of mutation]
  4895 | D:6      | Reached skill level 5 in Armour
  5095 | D:6      | Reached skill level 5 in Slings
  5200 | D:6      | Noticed a hippogriff
  5212 | D:6      | Killed a hippogriff
  5212 | D:6      | Reached XP level 8. HP: 44/63 MP: 8/8
  5396 | D:7      | Noticed a hippogriff
  5414 | D:7      | Killed a hippogriff
  5438 | D:7      | Found Tirghof's Weapon Shoppe.
  5524 | D:7      | Noticed a hippogriff
  5532 | D:7      | Killed a hippogriff
  5532 | D:7      | Reached **** piety under Lugonu
  5532 | D:7      | Reached XP level 9. HP: 37/70 MP: 9/9
  6043 | D:7      | Found Didoileaq's Magic Scroll Shoppe.
  6050 | D:7      | Bought a scroll of teleportation for 39 gold pieces
  6050 | D:7      | Bought a scroll of blinking for 97 gold pieces
  6050 | D:7      | Bought a scroll of teleportation for 39 gold pieces
  6658 | D:8      | Found a staircase to the Lair.
  6888 | D:8      | Noticed tradjik's ghost (novice GrBe)
  6906 | D:8      | Killed tradjik's ghost
  6906 | D:8      | Reached skill level 1 in Axes
  7033 | D:8      | Noticed Gastronok
  7540 | D:8      | Found a deep blue altar of Sif Muna.
  7604 | D:8      | Reached skill level 2 in Axes
  7707 | D:8      | Reached skill level 1 in Evocations
  7941 | D:8      | Killed Gastronok
  7941 | D:8      | Reached skill level 5 in Axes
  7941 | D:8      | Reached skill level 5 in Dodging
  7941 | D:8      | Reached XP level 10. HP: 77/79 MP: 10/10
  8235 | D:9      | Reached skill level 6 in Axes
  8458 | D:9      | Noticed Pikel
  8499 | D:9      | Killed Pikel
  8499 | D:9      | Reached skill level 7 in Axes
  8655 | D:9      | Reached skill level 8 in Axes
  8668 | D:9      | Noticed Psyche
  8673 | D:9      | Killed Psyche
  9020 | D:9      | Noticed Prince Ribbit
  9032 | D:9      | Killed Prince Ribbit
  9032 | D:9      | Reached XP level 11. HP: 87/87 MP: 11/11
  9601 | D:10     | Entered Level 10 of the Dungeon
  9802 | D:10     | Reached skill level 9 in Axes
 10026 | D:10     | Reached ***** piety under Lugonu
 10049 | D:10     | Got a crude amethyst amulet
 10078 | D:10     | Killed an unseen horror
 10409 | D:10     | Reached skill level 10 in Axes
 10415 | D:10     | Identified a scroll of acquirement
 11234 | D:11     | Noticed a two-headed ogre
 11363 | D:11     | Noticed blah's ghost (journeyman GrFi)
 11385 | D:11     | Noticed a two-headed ogre
 11387 | D:11     | Noticed a white ugly thing
 11444 | D:10     | Killed a two-headed ogre
 11568 | D:11     | Reached skill level 11 in Axes
 11571 | D:11     | Noticed tradjik's ghost (journeyman GrBe)
 11671 | D:10     | Killed a white ugly thing
 11671 | D:10     | Reached skill level 10 in Fighting
 12071 | D:11     | Killed a two-headed ogre
 12071 | D:11     | Reached skill level 10 in Armour
 12480 | D:11     | Noticed a two-headed ogre
 12513 | D:10     | Killed a two-headed ogre
 12513 | D:10     | Reached XP level 12. HP: 45/95 MP: 11/13
 12815 | D:11     | Reached skill level 12 in Axes
 13651 | D:11     | Killed blah's ghost
 14979 | D:12     | Found a staircase to the Orcish Mines.
 15050 | D:12     | Found Emebif's Armour Boutique.
 15141 | D:12     | Reached skill level 13 in Axes
 15192 | D:12     | Found a corrupted altar of Lugonu.
 15300 | D:12     | Noticed a centaur warrior
 15307 | D:12     | Killed a centaur warrior
 15667 | D:12     | Noticed a six-headed hydra
 15673 | D:12     | Killed a six-headed hydra
 15673 | D:12     | Reached ****** piety under Lugonu
 15675 | D:12     | Identified a +8 battleaxe of distortion (a +6 battleaxe of electrocution corrupted by Lugonu)
 15675 | D:12     | Received a gift from Lugonu
 15714 | D:12     | Identified the amulet of Womuaj Luuph {Faith Fragile +Inv rElec rC-} (You took it off an orc wizard on level 10 of the Dungeon)
 15730 | Orc:1    | Entered Level 1 of the Orcish Mines
 15833 | Orc:1    | Found a roughly hewn altar of Beogh.
 16035 | Orc:2    | Entered Level 2 of the Orcish Mines
 16081 | Orc:2    | Found a roughly hewn altar of Beogh.
 16105 | Orc:2    | Noticed Sonja
 16114 | Orc:2    | Killed Sonja
 16779 | Orc:2    | Reached skill level 14 in Axes
 16814 | Orc:2    | Found a roughly hewn altar of Beogh.
 16816 | Orc:2    | Found Woclup's Weapon Boutique.
 16956 | Orc:2    | Found a roughly hewn altar of Beogh.
 16960 | Orc:2    | Found Tafriqal's Antique Armour Shoppe.
 17081 | Orc:2    | Reached skill level 1 in Throwing
 17191 | Orc:2    | Noticed an orc high priest
 17198 | Orc:2    | Reached XP level 13. HP: 43/104 MP: 14/14
 17693 | Orc:2    | Found a roughly hewn altar of Beogh.
 17728 | Orc:2    | Found a staircase to the Elven Halls.
 18363 | Orc:2    | Found a roughly hewn altar of Beogh.
 18817 | Orc:2    | Noticed an orc warlord
 18873 | Orc:2    | Killed an orc warlord
 18873 | Orc:2    | Reached skill level 15 in Axes
 18931 | Orc:2    | Found Qoremnit's Antique Armour Shoppe.
 18934 | Orc:2    | Found Jeng's Antique Weapon Emporium.
 18934 | Orc:2    | Found a roughly hewn altar of Beogh.
 19244 | Orc:2    | Bought the +9 trident of Eholenea {pain, rElec rF+ Int-3} for 1162 gold pieces
 19281 | Orc:1    | Reached skill level 1 in Polearms
 20100 | D:13     | Found a gate to the Vaults.
 20852 | D:13     | Noticed Erolcha
 21217 | D:13     | Killed Erolcha
 21221 | D:13     | Reached skill level 16 in Axes
 21298 | D:13     | Reached XP level 14. HP: 112/114 MP: 15/15
 21502 | D:13     | Reached skill level 5 in Throwing
 21683 | D:13     | Found a basalt altar of Yredelemnul.
 21698 | D:13     | Noticed a vampire knight
 22233 | D:13     | Killed a vampire knight
 23233 | D:14     | Noticed Azrael
 23523 | Lair:1   | Entered Level 1 of the Lair of Beasts
 24353 | Lair:2   | Found a staircase to the Snake Pit.
 24379 | Lair:2   | Reached skill level 17 in Axes
 25093 | Snake:1  | Entered Level 1 of the Snake Pit
 25101 | Snake:1  | Noticed Nikola
 25592 | Lair:2   | HP: 7/174 [shock serpent (10)]
 25593 | Lair:2   | Killed from afar by a shock serpent

Skill      XL: |  1  2  3  4  5  6  7  8  9 10 11 12 13 14 |
---------------+-------------------------------------------+-----
Fighting       | 4 5 6 8 9 10 11 12 13 | 13.2
Invocations    | 2 |  2.7
Maces & Flails | 3 4 5 6 7 9 |  9.6
Armour         | 3 4 5 6 8 9 10 11 12 | 12.6
Slings         | 1 3 5 6 7 8 |  8.8
Dodging        | 2 3 5 6 |  6.0
Axes           | 5 8 11 14 16 17 | 17.1
Evocations     | 2 3 |  3.6
Throwing       | 1 4 5 |  5.5
Polearms       | 3 |  3.5

Action                   |  1- 3 |  4- 6 |  7- 9 | 10-12 | 13-15 || total
-------------------------+-------+-------+-------+-------+-------++-------
Melee: Mace              |    83 |   185 |    51 |       |       ||   319
       Headbutt          |    11 |    21 |    51 |   115 |   101 ||   299
       Short sword       |       |     3 |       |       |       ||     3
       Flail             |       |       |    97 |    43 |       ||   140
       Battleaxe         |       |       |    64 |   559 |   477 ||  1100
       Trident           |       |       |       |     9 |    26 ||    35
 Fire: Hunting sling     |    23 |    58 |    57 |    88 |       ||   226
       Blowgun           |       |       |       |       |    11 ||    11
Throw: Stone             |       |       |       |     3 |       ||     3
       Tomahawk          |       |       |       |    21 |   135 ||   156
Invok: Depart the Abyss  |     1 |       |       |       |       ||     1
       Bend Space        |       |       |       |     1 |       ||     1
       Brand Weapon With |       |       |       |     1 |       ||     1
       Banish            |       |       |       |       |     2 ||     2
 Abil: Evoke Berserk Rag |       |       |     2 |     7 |     2 ||    11
Evoke: Wand              |       |       |     5 |     3 |    26 ||    34
  Use: Scroll            |       |    15 |     2 |    19 |     7 ||    43
       Potion            |       |     1 |     2 |     5 |     6 ||    14
 Stab: Invisible         |       |       |     4 |       |       ||     4
  Eat: Chunk             |     2 |     9 |     5 |    18 |    11 ||    45
       Bread ration      |       |       |     3 |     3 |     2 ||     8
       Fruit             |       |       |     2 |     2 |     2 ||     6
       Meat ration       |       |       |       |     2 |     2 ||     4
Armor: Ring mail         |    65 |    25 |       |       |       ||    90
       Scale mail        |       |    53 |   125 |   160 |       ||   338
       Plate armour      |       |       |       |   212 |   212 ||   424
       Crystal plate arm |       |       |       |       |    97 ||    97
Dodge: Dodged            |    65 |   107 |   157 |   287 |   196 ||   812
